 Dungeon Crawl Stone Soup version 0.20.1-1-g8b1a95d (webtiles) character file.

1180 torrenera the Chiller (level 8, -5/52 HPs)
             Began as a Demonspawn Ice Elementalist on Sept 25, 2017.
             Slain by Edmund
             ... wielding a +2 dire flail of venom
              (10 damage)
             ... on level 5 of the Dungeon.
             The game lasted 00:11:48 (5546 turns).

torrenera the Chiller (Demonspawn Ice Elementalist) Turns: 5546, Time: 00:11:49

Health: -5/52      AC:  8    Str:  8    XL:     8   Next: 18%
Magic:  7/17       EV: 12    Int: 20    God:
Gold:   232        SH:  0    Dex: 13    Spells: 11/19 levels left

rFire    x . .     SeeInvis .   D - +2 quarterstaff (chaos)
rCold    + . .     Gourm    .   (shield currently unavailable)
rNeg     . . .     Faith    .   J - +2 robe
rPois    +         Spirit   .   (helmet restricted)
rElec    .         Reflect  .   F - +0 cloak
rCorr    .         Harm     .   v - +0 pair of gloves
MR       .....                  (no boots)
Stlth    ++........             (no amulet)
Regen    0.2/turn               j - ring of ice
MPRegen  0.2/turn               q - ring of poison resistance

@: no status effects
A: antennae 1, icy blue scales 1, demonic guardian 1
a: no special abilities


You were on level 5 of the Dungeon.
You were not hungry.

You visited 1 branch of the dungeon, and saw 5 of its levels.

You collected 232 gold pieces.

Inventory:

Hand Weapons
 g - a +0 spear
 r - a +1 dagger of freezing
 D - a +2 quarterstaff of chaos (weapon)
 I - a +0 whip of flaming
Missiles
 h - 23 poisoned needles
Armour
 v - a +0 pair of gloves (worn)
 F - a +0 cloak (worn)
 H - a +4 ring mail
 J - a +2 robe (worn)
Jewellery
 j - a ring of ice (left hand)
 q - a ring of poison resistance (right hand)
 y - a +4 ring of strength
 C - a +1 ring of evasion {unknown}
Wands
 G - a wand of random effects (22/48)
Scrolls
 f - 3 scrolls of remove curse {unknown}
 i - 3 scrolls of enchant armour {unknown}
 k - 3 scrolls of teleportation {unknown}
 l - a scroll of amnesia {unknown}
 m - a scroll of immolation {unknown}
 t - a scroll of enchant weapon {unknown}
 u - a scroll of fog {unknown}
 A - 2 scrolls of identify {unknown}
 K - a scroll of blinking {unknown}
 L - a scroll of fear {unknown}
Potions
 e - 2 potions of curing {unknown}
 o - a potion of lignification {unknown}
 p - 3 potions of heal wounds {unknown}
 s - 2 potions of magic {unknown}
 w - a potion of ambrosia {unknown}
 x - 2 potions of resistance {unknown}
 z - a potion of brilliance
 B - 2 potions of flight {unknown}
 E - a potion of might {unknown}
Books
 b - a book of Frost

   Spells                             Type                      Level
   a - Freeze                         Ice                          1
   b - Throw Frost                    Conjuration/Ice              2
   c - Ozocubu's Armour               Charms/Ice                   3
   d - Throw Icicle                   Conjuration/Ice              4
   e - Summon Ice Beast               Ice/Summoning                4
Comestibles
 a - a chunk of flesh
 c - 6 bread rations
 d - 2 royal jellies
 n - 3 fruits


   Skills:
 - Level 1.7 Dodging
 - Level 1.7 Stealth
 + Level 6.1 Spellcasting
   Level 1.0 Conjurations
 * Level 3.5 Summonings
 + Level 6.4 Ice Magic


You had 11 spell levels left.
You knew the following spells:

 Your Spells              Type           Power        Failure   Level  Hunger
a - Freeze                Ice            ####         1%          1    None
b - Ozocubu's Armour      Chrm/Ice       ####....     9%          3    ##.....
c - Summon Ice Beast      Ice/Summ       #####...     13%         4    ####...


Dungeon Overview and Level Annotations

Branches:
Dungeon (5/15)
 Temple: D:4-7

Altars:
Ashenzari
Hepliaklqana
Kikubaaqudgha
Qazlal
Ru

Annotations:
D:5 Edmund


Innate Abilities, Weirdness & Mutations

You have a pair of small antennae on your head.
You are partially covered in icy blue scales. (AC +2)
A weak demonic guardian rushes to your aid.


Message History

Your white imp hits Edmund but does no damage.
Casting: Freeze
Confirm with . or Enter, or press ? or * to list all spells.
Aiming: Freeze
Press: ? - help, Shift-Dir - straight line, f/p - Edmund
Aim: Edmund, wielding a dire flail of venom and wearing a chain mail (severely wounded)
You feel a surge of power!
You freeze Edmund.
Edmund is severely wounded.
Edmund hits you with a dire flail of venom!
Your white imp barely misses Edmund.
You closely miss Edmund.
Edmund is severely wounded.
Edmund barely misses you.
Your white imp barely misses Edmund.
Edmund hits you with a dire flail of venom!
* * * LOW HITPOINT WARNING * * *
You hit Edmund but do no damage.
Edmund is poisoned.
Edmund is severely wounded.
Your white imp hits Edmund but does no damage.
Edmund hits you with a dire flail of venom!
You die...

#...##......# #......
#...##.##.#.# #......
#...'.....#.# #......
#...#####.#.# #..$...
#...#####.#.# #......
#...#.....#+#### .......
#...#(####......
#....5####'##.# #......
#....Z@@...##.####......
#.....#######....'......
................###......
##..##.########.# #......
... #. #.# #...... ## ..
#.# #†..... ## #.#
#...... ..###......
##.......##


You could see Edmund, an adder zombie and a friendly white imp.

Vanquished Creatures
  Pikel (D:4)
  Prince Ribbit (D:5)
  An ice beast (D:5)
  2 scorpions (D:4)
  A hound (D:4)
  A centaur skeleton (D:4)
  An orc priest (D:3)
  Crazy Yiuf (D:3)
  Ijyb (D:4)
  Jessica (D:2)
  Natasha (D:2)
  4 gnolls (D:3)
  3 adders
  An adder skeleton (D:4)
  2 dart slugs
  3 leopard geckos
  8 orcs (D:3)
  13 bats
  4 giant cockroaches
  6 hobgoblins
  10 jackals
  2 quokkas
  3 ball pythons
  3 frilled lizards
  5 goblins
  8 kobolds
  A quokka skeleton (D:4)
  9 rats
97 creatures vanquished.

Vanquished Creatures (collateral kills)
  A water moccasin skeleton (D:4)
  Natasha (twice) (D:2)
  A worm (D:2)
  An orc (D:3)
  A goblin (D:2)
  A bat (D:3)
7 creatures vanquished.

Vanquished Creatures (others)
  A kobold (D:3)
1 creature vanquished.

Grand Total: 105 creatures vanquished

Notes
Turn   | Place    | Note
-------+----------+-------------------------------------------
     0 | D:1      | torrenera the Demonspawn Ice Elementalist began the quest for the Orb.
     0 | D:1      | Reached XP level 1. HP: 13/13 MP: 3/3
   335 | D:1      | Gained mutation: A weak demonic guardian rushes to your aid. [demonic ancestry]
   335 | D:1      | Reached XP level 2. HP: 3/19 MP: 0/5
  1701 | D:2      | Noticed Jessica
  1711 | D:2      | Killed Jessica
  1711 | D:2      | Gained mutation: You have a pair of small antennae on your head. [demonic ancestry]
  1711 | D:2      | Reached XP level 3. HP: 17/24 MP: 1/6
  2048 | D:2      | Gained mutation: You are partially covered in icy blue scales. (AC +2) [demonic ancestry]
  2048 | D:2      | Reached XP level 4. HP: 28/30 MP: 4/8
  2217 | D:2      | Found a sacrificial altar of Ru.
  2440 | D:2      | Noticed Natasha
  2455 | D:2      | Killed Natasha
  2571 | D:2      | Found an ancient bone altar of Kikubaaqudgha.
  2789 | D:2      | Noticed Natasha
  2810 | D:2      | Killed Natasha
  2952 | D:2      | Noticed Natasha
  2959 | D:2      | Killed Natasha
  2959 | D:2      | Reached XP level 5. HP: 35/35 MP: 8/10
  3082 | D:2      | Learned a level 3 spell: Ozocubu's Armour
  3087 | D:2      | Learned a level 4 spell: Summon Ice Beast
  3428 | D:3      | Found a shattered altar of Ashenzari.
  3586 | D:3      | Found a stormy altar of Qazlal.
  3665 | D:3      | Found a runed door.
  4321 | D:3      | Reached skill level 1 in Summonings
  4405 | D:3      | Noticed Crazy Yiuf
  4411 | D:3      | Killed Crazy Yiuf
  4556 | D:4      | Reached XP level 6. HP: 38/41 MP: 7/12
  4787 | D:4      | Noticed Ijyb
  4794 | D:4      | Killed Ijyb
  5025 | D:4      | Found a hazy altar of Hepliaklqana.
  5025 | D:4      | Noticed a slave
  5026 | D:4      | Noticed Pikel
  5026 | D:4      | Noticed a slave
  5027 | D:4      | Noticed a slave
  5028 | D:4      | Noticed a slave
  5038 | D:4      | Killed Pikel
  5038 | D:4      | Reached skill level 5 in Spellcasting
  5038 | D:4      | Reached skill level 5 in Ice Magic
  5038 | D:4      | Reached XP level 7. HP: 39/46 MP: 7/14
  5446 | D:5      | Entered Level 5 of the Dungeon
  5506 | D:5      | Reached XP level 8. HP: 52/52 MP: 16/16
  5531 | D:5      | Noticed Edmund
  5531 | D:5      | Noticed Prince Ribbit
  5539 | D:5      | Killed Prince Ribbit
  5546 | D:5      | Slain by Edmund

Skill      XL: |  1  2  3  4  5  6  7  8 |
---------------+-------------------------+-----
Ice Magic      | 3 4 5 6 |  6.4
Spellcasting   | 3 4 5 6 |  6.1
Summonings     | 1 2 3 |  3.5
Dodging        | |  1.7
Stealth        | |  1.7
Conjurations   | |  1.0

Action                   |  1- 3 |  4- 6 |  7- 9 || total
-------------------------+-------+-------+-------++-------
Melee: Spear             |    59 |    59 |       ||   118
       Unarmed           |     7 |       |       ||     7
       Quarterstaff      |       |    33 |    16 ||    49
 Cast: Freeze            |    29 |    66 |    25 ||   120
       Summon Ice Beast  |       |       |     1 ||     1
       Ozocubu's Armour  |       |       |     1 ||     1
  Use: Potion            |     3 |       |       ||     3
 Stab: Sleeping          |     3 |     2 |     2 ||     7
       Paralysed         |       |     3 |       ||     3
  Eat: Chunk             |     4 |    10 |     1 ||    15
Armor: Robe              |    24 |    57 |    13 ||    94
Dodge: Dodged            |    82 |   100 |    21 ||   203
